[Event "Titled Tuesday Blitz June 6 Late 2023"]
[White "Zakhartsov, Vladimir"]
[Black "Mortazavi, Ali"]
[WhiteFideId "4145097"]
[BlackFideId "401323"]
[WhiteElo "2508"]
[BlackElo "2339"]
[Result "1-0"]
[Round "2"]
[TimeControl "180+2"]
[Date "2023.06.07"]
[WhiteClock "0:00:04"]
[BlackClock "0:00:03"]
[Board "27"]

1. e4 c6 2. d4 d5 3. exd5 cxd5 4. Bd3 Nc6 5. c3 Qc7 6. h3 g6 7. Qc2 Nh6 8. Nf3 f6 9. O-O Nf7 10. b4 Bg7 11. b5 Na5 12. Re1 O-O 13. Ba3 Re8 14. Bb4 Nc4 15. Nbd2 Nxd2 16. Nxd2 e5 17. c4 Be6 18. cxd5 Qxc2 19. Bxc2 Bxd5 20. dxe5 Nxe5 21. Be4 Bxe4 22. Rxe4 f5 23. Re3 Nf3+ 24. Rxf3 Bxa1 25. Nb3 Bg7 26. Na5 Re4 27. Rb3 Rc8 28. Nxb7 Rc1+ 29. Kh2 Be5+ 30. g3 Rc2 31. Bc5 Bd4 32. Bxd4 Rxd4 33. Kg2 Rdd2 34. Rf3 Rxa2 35. g4 fxg4 36. hxg4 Ra4 37. Kg3 Rdd4 38. Nc5 Rxg4+ 39. Kh3 Rh4+ 40. Kg2 Raf4 41. Ra3 Rf5 42. Ne6 Kf7 43. Nc7 Rg5+ 44. Kf1 Rh1+ 45. Ke2 Rc1 46. Rxa7 Kf6 47. b6 Rb1 48. b7 Re5+ 49. Kf3 Kg5 50. Kg3 Rb3+ 51. f3 Ree3 52. Na6 Rxf3+ 53. Kg2 Rfc3 54. b8=Q Rxb8 55. Nxb8 h5 56. Nd7 Kh4 57. Ne5 g5 58. Nf3+ Kg4 59. Ra4+ Kf5 60. Ra5+ Kf4 61. Nxg5 Rc2+ 62. Kh3 Rc3+ 63. Kh4 Rc1 64. Nh3+ Kf3 65. Rf5+ Ke4 66. Rf4+ Ke5 67. Rf8 Rh1 68. Rf7 Ke6 69. Rf2 Ke5 70. Kg3 Ra1 71. Re2+ Kf5 72. Kh4 Ra3 73. Rf2+ Kg6 74. Rg2+ Kh6 75. Rb2 Ra4+ 76. Kg3 h4+ 77. Kf3 Ra3+ 78. Kg4 Ra4+ 79. Nf4 h3 80. Rb3 h2 81. Rh3+ Kg7 82. Rxh2 Kf6 83. Re2 Rb4 84. Re6+ Kf7 85. Ra6 Rc4 86. Rb6 Ra4 87. Rb5 Kg7 88. Kg5 Ra1 89. Rb7+ Kf8 90. Kf6 Ra6+ 91. Ne6+ Kg8 92. Re7 Ra1 93. Rg7+ Kh8 94. Rg4 Rf1+ 95. Kg6 Ra1 96. Rb4 Rg1+ 97. Ng5 1-0


[Site "https://www.chess.com"]

[Event "Titled Tuesday Blitz June 6 Late 2023"]
[White "Streltsov, Alexey"]
[Black "Terry, Renato"]
[WhiteFideId "24104434"]
[BlackFideId "3803457"]
[WhiteElo "2565"]
[BlackElo "2575"]
[Result "0-1"]
[Round "2"]
[TimeControl "180+2"]
[Date "2023.06.07"]
[WhiteClock "0:00:22"]
[BlackClock "0:00:12"]
[Board "28"]

1. d4 e6 2. e4 d5 3. Nc3 Nf6 4. e5 Nfd7 5. f4 c5 6. Nf3 Nc6 7. Be3 Be7 8. Qd2 O-O 9. Be2 b6 10. O-O f5 11. exf6 Nxf6 12. Kh1 Bb7 13. Bd3 Nb4 14. Be2 Ne4 15. Nxe4 dxe4 16. Ng5 Bxg5 17. fxg5 Rxf1+ 18. Rxf1 cxd4 19. Qxb4 dxe3 20. g6 hxg6 21. Bg4 Qg5 22. Bxe6+ Kh7 23. Qe1 Re8 24. Bc4 Re5 25. Qg3 Qxg3 26. hxg3 Rc5 27. Bb3 Ba6 28. Re1 e2 29. Kg1 e3 30. c4 Bxc4 31. Bxc4 Rxc4 32. Rxe2 Re4 33. Kf1 Kh6 34. Rc2 Kg5 35. Ke2 Kg4 36. Rc7 Kxg3 37. Rxg7 Re6 38. Rxa7 Kxg2 39. a4 g5 40. a5 bxa5 41. Rxa5 g4 42. b4 g3 43. b5 Kh2 44. Ra6 Re5 45. Rh6+ Kg1 46. b6 g2 47. b7 Rb5 48. Kxe3 Rxb7 49. Rg6 Rf7 50. Ke2 Rf5 51. Rc6 Rg5 52. Kf3 Kh1 53. Rh6+ Kg1 54. Ra6 Rf5+ 55. Kg3 Rg5+ 56. Kf3 Rg8 57. Ra1+ Kh2 58. Ra2 Kh1 59. Rxg2 Rxg2 60. Kf4 Kh2 61. Ke3 Kh3 62. Kf4 Rg3 63. Ke4 Kg2 64. Kf4 Kf2 65. Ke4 Rg4+ 66. Kf5 Kf3 67. Ke5 Re4+ 68. Kf5 Ke3 69. Kg5 Re5+ 70. Kf6 Kf4 71. Kg6 Re6+ 72. Kf7 Kf5 73. Kg7 Re7+ 74. Kh6 Rf7 75. Kh5 Rh7# 0-1


[Site "https://www.chess.com"]

[Event "Titled Tuesday Blitz June 6 Late 2023"]
[White "Shohat, Yotam"]
[Black "Licznerski, Lukasz"]
[WhiteFideId "2813955"]
[BlackFideId "1179250"]
[WhiteElo "2226"]
[BlackElo "2453"]
[Result "1-0"]
[Round "2"]
[TimeControl "180+2"]
[Date "2023.06.07"]
[WhiteClock "0:00:06"]
[BlackClock "0:00:09"]
[Board "29"]

1. e4 c6 2. d4 d5 3. e5 Bf5 4. Nd2 e6 5. Nb3 c5 6. c3 c4 7. Nd2 Nc6 8. Ngf3 h6 9. Be2 Nge7 10. Nf1 Bh7 11. Ne3 Nf5 12. O-O Be7 13. Nxf5 Bxf5 14. Ne1 O-O 15. g4 Bh7 16. f4 f5 17. Kh1 fxg4 18. Bxg4 Be4+ 19. Kg1 Bf5 20. Ng2 Qe8 21. Bxf5 Rxf5 22. Ne3 Qg6+ 23. Kh1 Rf7 24. f5 Qh7 25. Qg4 Raf8 26. f6 Bd8 27. Qxe6 Qe4+ 28. Kg1 gxf6 29. Qxd5 Qxd5 30. Nxd5 fxe5 31. Bxh6 Rxf1+ 32. Rxf1 Rxf1+ 33. Kxf1 exd4 34. cxd4 Nxd4 35. Be3 Nc6 36. Ke2 Kf7 37. Kf3 Ke6 38. Ke4 b5 39. Bf4 a5 40. Bc7 Bh4 41. Bf4 Bd8 42. Bc7 Bh4 43. Bg3 Bd8 44. h4 Nb4 45. Nc7+ Kd7 46. Nxb5 Nxa2 47. h5 Bf6 48. Be5 Bg5 49. Bf4 Bf6 50. h6 Bxb2 51. Be5 Bxe5 52. Kxe5 c3 53. Na3 Nb4 54. h7 Nc6+ 55. Kf4 c2 56. Nxc2 Nd8 57. h8=Q Ne6+ 58. Ke3 Nc7 59. Qb8 Kc6 60. Kd4 Nd5 61. Qa8+ Kb6 62. Qxd5 a4 63. Qa2 Ka5 64. Kc5 Ka6 65. Qb2 a3 66. Qb6# 1-0


[Site "https://www.chess.com"]

[Event "Titled Tuesday Blitz June 6 Late 2023"]
[White "Hansen, Eric"]
[Black "Prado Lobo, Jonas"]
[WhiteFideId "2606771"]
[BlackFideId "32050666"]
[WhiteElo "2561"]
[BlackElo "2322"]
[Result "1/2-1/2"]
[Round "2"]
[TimeControl "180+2"]
[Date "2023.06.07"]
[WhiteClock "0:00:08"]
[BlackClock "0:00:06"]
[Board "30"]

1. e4 e5 2. Nf3 Nf6 3. Nxe5 d5 4. exd5 Qxd5 5. d4 Nc6 6. Nxc6 Qxc6 7. Nc3 Bb4 8. Qe2+ Kd8 9. Qc4 Re8+ 10. Be3 Nd5 11. Qxc6 bxc6 12. Kd2 Rb8 13. a3 Bxc3+ 14. bxc3 Bf5 15. Bd3 Bxd3 16. Kxd3 Kd7 17. c4 Nf6 18. f3 Rb2 19. Rhb1 Reb8 20. Rxb2 Rxb2 21. Kc3 Rb8 22. Re1 Ne8 23. Bf4 Nd6 24. Re5 Rb1 25. Ra5 Rg1 26. Rxa7 Rxg2 27. Bg3 h5 28. a4 h4 29. Bxh4 Rxh2 30. Be1 Rh3 31. c5 Rxf3+ 32. Kb4 Nf5 33. Kc4 g5 34. Ba5 Ne3+ 35. Kd3 Nd5+ 36. Ke2 g4 37. c4 Nf4+ 38. Ke1 g3 39. Bxc7 Ke6 40. Ra8 g2 41. Rg8 Rf1+ 42. Kd2 g1=Q 43. Rxg1 Rxg1 44. Bxf4 Ra1 45. Kd3 Rxa4 46. Bc7 f5 47. Be5 Ra3+ 48. Kc2 Rh3 49. Kd2 Rf3 50. Ke2 Ra3 51. Kd2 Kf7 52. Bf4 Kg6 53. d5 cxd5 54. cxd5 Ra5 55. Be3 Kf6 56. Kd3 Ke5 57. Kc4 Ra4+ 58. Kb5 Ra3 59. Bc1 Rb3+ 60. Kc4 Rb1 61. Bd2 Rd1 62. Bc3+ Ke4 63. d6 f4 64. Bf6 f3 65. Bh4 Rc1+ 66. Kb5 Kd5 67. d7 Rxc5+ 68. Kb6 Rc6+ 69. Kb7 Rd6 70. Kc7 Rc6+ 71. Kb7 Rd6 72. Kc7 Rxd7+ 73. Kxd7 Ke4 74. Ke6 Kd3 75. Kf5 Ke2 76. Kf4 f2 77. Bxf2 1/2-1/2


[Site "https://www.chess.com"]

[Event "Titled Tuesday Blitz June 6 Late 2023"]
[White "Moral Garcia, Serafin"]
[Black "Li, Ruifeng"]
[WhiteFideId "2201925"]
[BlackFideId "2061074"]
[WhiteElo "2274"]
[BlackElo "2441"]
[Result "0-1"]
[Round "2"]
[TimeControl "180+2"]
[Date "2023.06.07"]
[WhiteClock "0:01:21"]
[BlackClock "0:00:29"]
[Board "31"]

1. c4 e5 2. Nc3 Nc6 3. g3 g6 4. Bg2 Bg7 5. d3 Nge7 6. Nf3 O-O 7. O-O d6 8. Rb1 f5 9. b4 e4 10. dxe4 Bxc3 11. b5 Na5 12. Ba3 fxe4 13. Ng5 Bf5 14. Nxe4 Bg7 15. Rc1 b6 16. Ng5 h6 17. Bd5+ Nxd5 18. Qxd5+ Kh8 19. Nf7+ Rxf7 20. Qxf7 Qe8 21. Qd5 Be4 22. Qd2 Qe6 23. f3 Bb7 24. Qd3 Rf8 25. e4 Bc8 26. Bb4 Nb7 27. a4 Nc5 28. Qc2 a5 29. bxa6 Bxa6 30. a5 bxa5 31. Bxa5 Rf7 32. Bc3 Kh7 33. Bxg7 Kxg7 34. Qc3+ Qf6 35. Qxf6+ Kxf6 36. Kf2 Nd3+ 37. Ke3 Nxc1 38. Rxc1 g5 39. Ra1 Bxc4 40. Kd4 Be6 41. f4 gxf4 42. gxf4 c5+ 43. Ke3 Rb7 44. Ra6 Rb3+ 45. Kf2 Rd3 46. Ke2 Bc4 47. Ra4 Bb5 48. Ra5 Rb3+ 49. Kf2 Ke6 50. Ra8 c4 51. Rc8 Kd7 0-1


[Site "https://www.chess.com"]

[Event "Titled Tuesday Blitz June 6 Late 2023"]
[White "Elsa167"]
[Black "Riff, Jean-Noel"]
[BlackFideId "611190"]
[WhiteElo "2885"]
[BlackElo "2479"]
[Result "1-0"]
[Round "2"]
[TimeControl "180+2"]
[Date "2023.06.07"]
[WhiteClock "0:00:20"]
[BlackClock "0:00:29"]
[Board "32"]

1. d4 Nf6 2. c4 e6 3. Nf3 d5 4. Nc3 h6 5. g3 Bd6 6. Bg2 O-O 7. O-O Nc6 8. b3 dxc4 9. bxc4 e5 10. e3 exd4 11. exd4 Bg4 12. Be3 Re8 13. Rb1 Rb8 14. Qa4 Bf8 15. d5 Bxf3 16. Bxf3 Ne5 17. Bg2 a6 18. c5 Ned7 19. c6 bxc6 20. Rxb8 Qxb8 21. dxc6 Nc5 22. Qc4 Ne6 23. Rb1 Qd8 24. Qxa6 Ng4 25. Rd1 Qb8 26. Qb7 Nxe3 27. fxe3 Bc5 28. Nd5 Qa8 29. Qxa8 Rxa8 30. Bh3 Rxa2 31. Bxe6 fxe6 32. Nxc7 Bxe3+ 33. Kh1 Rc2 34. Rd6 e5 35. Nd5 Bg5 36. c7 Kh7 37. h4 Bf6 38. Rd7 Kg6 39. Nb6 e4 40. c8=Q Rxc8 41. Nxc8 e3 42. Kg2 e2 43. Kf2 1-0


[Site "https://www.chess.com"]

[Event "Titled Tuesday Blitz June 6 Late 2023"]
[White "Zarnicki, Pablo"]
[Black "Svane, Frederik"]
[WhiteFideId "100137"]
[BlackFideId "12923044"]
[WhiteElo "2468"]
[BlackElo "2502"]
[Result "0-1"]
[Round "2"]
[TimeControl "180+2"]
[Date "2023.06.07"]
[WhiteClock "0:00:59"]
[BlackClock "0:00:08"]
[Board "33"]

1. e4 c5 2. Nf3 Nc6 3. Bb5 g6 4. O-O Bg7 5. c3 a6 6. Ba4 b5 7. Bc2 e5 8. a4 Bb7 9. Na3 Nge7 10. Qe2 O-O 11. Rd1 f5 12. axb5 axb5 13. Qxb5 fxe4 14. Ng5 Rb8 15. Nxe4 d6 16. Nc4 d5 17. Nxc5 Ba8 18. Rxa8 Rxb5 19. Rxd8 Rxd8 20. Na3 Rxc5 21. b4 Nxb4 22. cxb4 Rc7 23. Bb2 Rb8 24. b5 Kf8 25. Bb3 e4 26. g3 Bxb2 27. Nc2 Rxb5 28. Ba4 Ra5 29. Bb3 Rb7 30. Kg2 Rxb3 31. Rb1 Rab5 32. Rd1 Be5 33. Ne3 Rxe3 34. fxe3 Kf7 35. Rf1+ Ke6 36. Rc1 Rb2 37. Rd1 Bc3 38. Kh3 Bxd2 39. Kg4 Bxe3 40. h4 d4 41. h5 gxh5+ 42. Kxh5 Rh2+ 43. Kg4 h5# 0-1


[Site "https://www.chess.com"]

[Event "Titled Tuesday Blitz June 6 Late 2023"]
[White "Moroni, Luca Jr"]
[Black "Chos, Alexey"]
[WhiteFideId "865834"]
[BlackFideId "14117762"]
[WhiteElo "2569"]
[BlackElo "2234"]
[Result "0-1"]
[Round "2"]
[TimeControl "180+2"]
[Date "2023.06.07"]
[WhiteClock "0:00:03"]
[BlackClock "0:00:14"]
[Board "34"]

1. d4 Nf6 2. c4 g6 3. Nc3 Bg7 4. e4 d6 5. Bd3 O-O 6. Nge2 c5 7. d5 a6 8. a4 e6 9. Bg5 h6 10. Bh4 g5 11. Bg3 exd5 12. cxd5 Re8 13. h4 Nh5 14. hxg5 Nxg3 15. Nxg3 Qxg5 16. Kf1 Nd7 17. Rh5 Qf6 18. Nf5 Ne5 19. f4 Ng6 20. g3 Bxf5 21. Rxf5 Qd4 22. Bc2 Qe3 23. Qe1 Qf3+ 24. Qf2 Qxf2+ 25. Kxf2 b5 26. axb5 axb5 27. Rxa8 Rxa8 28. Nxb5 Ra2 29. Bd3 Rxb2+ 30. Ke3 Ne7 31. Rh5 Nc8 32. e5 dxe5 33. fxe5 Rb3 34. Kd2 Nb6 35. Kc2 Rb4 36. Nc7 c4 37. Be2 Na4 38. Kd2 c3+ 39. Kd3 Rb2 40. Rh1 Rd2+ 41. Ke3 Bxe5 42. Nb5 Rxd5 43. Bc4 Rc5 44. Bd3 Nb2 45. Be2 c2 46. Rc1 Bf6 47. Ra1 Bg5+ 48. Kd4 c1=Q 49. Rxc1 Rxc1 50. Nd6 Nd1 51. Ke5 Ne3 52. Bh5 Rc5+ 53. Ke4 f5+ 54. Kf3 Rc3 55. Bf7+ Kg7 56. Be6 Ng4+ 57. Ke2 Re3+ 58. Kd2 Rxe6+ 59. Kc2 Rxd6 0-1


[Site "https://www.chess.com"]

[Event "Titled Tuesday Blitz June 6 Late 2023"]
[White "Roberson, Peter T"]
[Black "Keymer, Vincent"]
[WhiteFideId "412384"]
[BlackFideId "12940690"]
[WhiteElo "2346"]
[BlackElo "2669"]
[Result "0-1"]
[Round "2"]
[TimeControl "180+2"]
[Date "2023.06.07"]
[WhiteClock "0:00:03"]
[BlackClock "0:00:11"]
[Board "35"]

1. e4 c6 2. c3 d5 3. e5 Bf5 4. Nf3 e6 5. Be2 Nd7 6. O-O f6 7. d4 fxe5 8. dxe5 Ne7 9. Re1 Qc7 10. Bd3 Bg4 11. Bf4 O-O-O 12. Nbd2 Ng6 13. Bg3 Bc5 14. Qc2 Rdf8 15. Nd4 Bxd4 16. cxd4 Bf5 17. b4 Kb8 18. Nb3 h5 19. h3 Ne7 20. a4 g5 21. Rec1 Rhg8 22. b5 h4 23. Bh2 g4 24. hxg4 Bxg4 25. a5 Bf3 26. Bf1 Bxg2 27. Bxg2 h3 28. Bg3 hxg2 29. a6 Nf5 30. axb7 c5 31. Na5 Nxd4 32. Qd3 Nxe5 33. Qxd4 Nf3+ 34. Kxg2 Nxd4 35. Nc6+ Nxc6 36. bxc6 Rxg3+ 37. fxg3 Qxc6 0-1


[Site "https://www.chess.com"]

[Event "Titled Tuesday Blitz June 6 Late 2023"]
[White "Spata, German"]
[Black "Baskakov, Egor"]
[WhiteFideId "113026"]
[BlackFideId "24197866"]
[WhiteElo "2260"]
[BlackElo "2225"]
[Result "0-1"]
[Round "2"]
[TimeControl "180+2"]
[Date "2023.06.07"]
[WhiteClock "0:01:02"]
[BlackClock "0:01:26"]
[Board "36"]

1. Nc3 c5 2. Nf3 Nc6 3. d4 cxd4 4. Nxd4 g6 5. e4 Bg7 6. Be3 Nf6 7. Be2 O-O 8. O-O d5 9. exd5 Nxd5 10. Nxd5 Qxd5 11. Bf3 Qc4 12. Nxc6 bxc6 13. c3 Be6 14. Qe2 Qxe2 15. Bxe2 Rfb8 16. b3 a5 17. Bd4 Bxd4 18. cxd4 a4 19. Bf3 Bd5 20. Bxd5 cxd5 21. h3 axb3 22. axb3 Rxa1 23. Rxa1 Rxb3 24. Rd1 Rb2 25. g3 Kg7 26. Kg2 Kf6 27. Kf3 e6 28. Ke3 Kf5 29. Kf3 h5 30. Rd3 Rc2 31. Ra3 Rc4 32. Ke3 g5 33. Kf3 Rxd4 0-1


[Site "https://www.chess.com"]

[Event "Titled Tuesday Blitz June 6 Late 2023"]
[White "Visakh N R"]
[Black "Becerra, Juan David"]
[WhiteFideId "25012223"]
[BlackFideId "4404998"]
[WhiteElo "2466"]
[BlackElo "2304"]
[Result "1/2-1/2"]
[Round "2"]
[TimeControl "180+2"]
[Date "2023.06.07"]
[WhiteClock "0:01:26"]
[BlackClock "0:00:09"]
[Board "37"]

1. e4 e5 2. Nf3 Nc6 3. d4 exd4 4. Nxd4 Bb4+ 5. c3 Bc5 6. Be3 Bb6 7. Na3 Nf6 8. Nxc6 bxc6 9. Bxb6 axb6 10. Bd3 O-O 11. e5 Re8 12. f4 d6 13. O-O Ng4 14. e6 Qh4 15. h3 Ne3 16. exf7+ Kxf7 17. Qe1 Nxg2 18. Qxh4 Nxh4 19. f5 Kf6 20. Rf4 Nxf5 21. Raf1 g6 22. h4 h5 23. Bb1 Be6 24. Nc2 Bxa2 25. Bxa2 Rxa2 26. Nd4 Re5 27. Nxc6 Rc5 28. Nb4 Ra8 29. Nd3 Rd5 30. Nf2 Re8 31. Ne4+ Kg7 32. Ng5 Rd2 33. R1f2 Ree2 34. Ne6+ Kf6 35. Nxc7 Rxf2 36. Rxf2 Rxf2 37. Kxf2 Nxh4 38. Nd5+ Ke5 39. Nxb6 Nf5 40. b4 g5 41. b5 g4 42. Nd7+ Kd5 43. Nf6+ Kc5 44. Nxh5 Kxb5 45. Nf6 g3+ 46. Kf3 Kc4 47. Ne4 d5 48. Nf6 Nd6 49. Nxd5 Kxd5 50. c4+ Nxc4 51. Kxg3 1/2-1/2


[Site "https://www.chess.com"]

[Event "Titled Tuesday Blitz June 6 Late 2023"]
[White "Trifan, Andrei Ioan"]
[Black "Kovalev, Vladislav"]
[WhiteFideId "12967068"]
[BlackFideId "13504398"]
[WhiteElo "2208"]
[BlackElo "2555"]
[Result "0-1"]
[Round "2"]
[TimeControl "180+2"]
[Date "2023.06.07"]
[WhiteClock "0:00:16"]
[BlackClock "0:00:25"]
[Board "38"]

1. e4 e5 2. Nf3 Nc6 3. Bc4 Nf6 4. d3 Be7 5. a3 d6 6. Nc3 O-O 7. h3 Kh8 8. O-O Ng8 9. d4 f5 10. dxe5 fxe4 11. Nxe4 Rxf3 12. exd6 cxd6 13. Qxf3 Ne5 14. Qc3 Nxc4 15. b3 Ne5 16. Bb2 Nf6 17. Ng5 h6 18. Qxe5 dxe5 19. Nf7+ Kg8 20. Nxd8 Bxd8 21. Bxe5 Bf5 22. Rac1 Be7 23. b4 b5 24. Rfd1 Rc8 25. Bd6 Kf7 26. Rd2 Ne4 27. Bxe7 Nxd2 28. Bc5 a6 29. f3 Nc4 30. Rd1 Rc6 31. g4 Be6 32. c3 Nxa3 33. Ra1 Nc4 34. Rd1 a5 35. f4 a4 36. f5 Bc8 37. Re1 Rc7 38. Kf2 a3 39. Kf3 g6 40. fxg6+ Kxg6 41. Re6+ Bxe6 0-1


[Site "https://www.chess.com"]

[Event "Titled Tuesday Blitz June 6 Late 2023"]
[White "Bryakin, Mikhail"]
[Black "Poltorak, Sebastian"]
[WhiteFideId "4165314"]
[BlackFideId "1199498"]
[WhiteElo "2464"]
[BlackElo "2195"]
[Result "1-0"]
[Round "2"]
[TimeControl "180+2"]
[Date "2023.06.07"]
[WhiteClock "0:00:15"]
[BlackClock "0:00:03"]
[Board "39"]

1. e4 c5 2. Nf3 e6 3. c3 d5 4. exd5 exd5 5. Bb5+ Bd7 6. Qe2+ Qe7 7. O-O Qxe2 8. Bxe2 Nc6 9. d4 cxd4 10. Nxd4 Nxd4 11. cxd4 Bb4 12. Bd2 Bxd2 13. Nxd2 Nf6 14. Rac1 Rc8 15. Rxc8+ Bxc8 16. Rc1 Kd8 17. f3 Bd7 18. Bd3 Re8 19. Kf2 h6 20. h4 Re6 21. g4 Rc6 22. Rxc6 Bxc6 23. g5 hxg5 24. hxg5 Ne8 25. Kg3 Ke7 26. Kf4 Nc7 27. Ke3 f6 28. g6 Bd7 29. f4 f5 30. Nf3 Kf6 31. Nh4 Ne8 32. Be2 Nd6 33. Bf3 Be6 34. Bh5 Ne4 35. Bf3 Bd7 36. Bd1 Nd6 37. Bb3 Bc6 38. a3 Nc8 39. Bc2 Ne7 40. b4 Bd7 41. Nf3 Nxg6 42. Ne5 Nxe5 43. dxe5+ Ke6 44. Kd4 b6 45. Bb3 Bc6 46. a4 Bb7 47. a5 Bc6 48. Ba2 Bb7 49. Bb3 Bc6 50. Bd1 g6 51. Be2 bxa5 52. bxa5 Ba4 53. Ba6 Bc6 54. Bc8+ Ke7 55. Kc5 Ba8 56. a6 Kd8 57. Bb7 Bxb7 58. axb7 Kc7 59. e6 1-0


[Site "https://www.chess.com"]

[Event "Titled Tuesday Blitz June 6 Late 2023"]
[White "Machidon, Cristi"]
[Black "Beerdsen, Thomas"]
[WhiteFideId "13904590"]
[BlackFideId "1030108"]
[WhiteElo "2355"]
[BlackElo "2553"]
[Result "0-1"]
[Round "2"]
[TimeControl "180+2"]
[Date "2023.06.07"]
[WhiteClock "0:00:03"]
[BlackClock "0:00:11"]
[Board "40"]

1. e4 e5 2. Nf3 Nc6 3. Bb5 f5 4. d3 fxe4 5. dxe4 Nf6 6. O-O d6 7. Bg5 Be7 8. Nbd2 O-O 9. h3 Kh8 10. Bxf6 Bxf6 11. Re1 Ne7 12. Nf1 Ng6 13. Ng3 Nf4 14. Bf1 Bh4 15. Nxh4 Qxh4 16. Re3 Be6 17. c4 Rf6 18. b4 Raf8 19. c5 dxc5 20. bxc5 g5 21. Nf5 Bxf5 22. exf5 Rxf5 23. Qg4 Nd5 24. Re2 Nf4 25. Re4 Qh6 26. Rae1 Ng6 27. R1e2 Qg7 28. Ra4 Nf4 29. Rd2 h5 30. Qg3 g4 31. Rxa7 gxh3 32. Qxg7+ Kxg7 33. g3 Ne6 34. Bxh3 Ng5 35. Bg2 e4 36. Rxb7 Rxc5 37. Rd7+ Rf7 38. Rxf7+ Kxf7 39. Rb4 Rc1+ 40. Kh2 Rc2 41. Kg1 Rc1+ 42. Kh2 c5 43. Rb6 Rc2 44. Kg1 Rxa2 45. Rh6 c4 46. Rc6 Rc2 47. Bf1 Nf3+ 48. Kg2 Ne1+ 49. Kh3 Nd3 50. Bg2 Nxf2+ 51. Kh4 e3 52. Bf3 e2 53. Bxe2 Rxe2 54. Rxc4 Nd3 55. Kxh5 Rh2+ 56. Kg5 Ne5 57. Rf4+ Ke7 58. Rh4 Nf3+ 59. Kf4 Nxh4 0-1


[Site "https://www.chess.com"]

[Event "Titled Tuesday Blitz June 6 Late 2023"]
[White "Molenda, Marcin"]
[Black "Perez Ponsa, Federico"]
[WhiteFideId "1173065"]
[BlackFideId "117927"]
[WhiteElo "2286"]
[BlackElo "2590"]
[Result "0-1"]
[Round "2"]
[TimeControl "180+2"]
[Date "2023.06.07"]
[WhiteClock "0:02:15"]
[BlackClock "0:00:27"]
[Board "41"]

1. e4 c5 2. c3 Nf6 3. e5 Nd5 4. Nf3 d6 5. Bb5+ Bd7 6. Bc4 e6 7. O-O Bc6 8. d4 Nd7 9. Qe2 Be7 10. Re1 O-O 11. Bd3 cxd4 12. cxd4 dxe5 13. dxe5 Nc5 14. Bc4 Nb6 15. Bb5 Bxb5 16. Qxb5 Qd3 17. Nc3 Rfd8 18. Be3 Qxb5 19. Nxb5 Nd3 20. Re2 Bc5 21. Bxc5 Nxc5 22. Rc1 Nd3 23. Rc7 Rac8 24. Rxc8 Rxc8 25. g4 Rc1+ 0-1


[Site "https://www.chess.com"]

[Event "Titled Tuesday Blitz June 6 Late 2023"]
[White "Hambleton, Aman"]
[Black "Sargsyan, Anna M."]
[WhiteFideId "2606577"]
[BlackFideId "13308130"]
[WhiteElo "2511"]
[BlackElo "2284"]
[Result "1/2-1/2"]
[Round "2"]
[TimeControl "180+2"]
[Date "2023.06.07"]
[WhiteClock "0:00:02"]
[BlackClock "0:00:11"]
[Board "42"]

1. d4 d5 2. Bf4 Nf6 3. e3 c6 4. c4 Bf5 5. Nc3 e6 6. Qb3 Qc8 7. Rc1 dxc4 8. Bxc4 Nbd7 9. Nf3 Be7 10. h3 O-O 11. O-O h6 12. Rfd1 Ne4 13. Nxe4 Bxe4 14. Be2 Re8 15. Nd2 Bg6 16. Nc4 Nf6 17. Nd6 Bxd6 18. Bxd6 Qd7 19. Bf4 Bh5 20. f3 Bg6 21. e4 Qe7 22. Qa3 Qxa3 23. bxa3 Rad8 24. a4 Rd7 25. a5 a6 26. Kf2 Ree7 27. Rc3 Ne8 28. Rb3 f6 29. Be3 Bf7 30. Rb4 g5 31. Rdb1 Kg7 32. h4 Kg6 33. g4 Nd6 34. a4 f5 35. hxg5 hxg5 36. gxf5+ exf5 37. Rg1 fxe4 38. Bxg5 Re8 39. Bf4+ Kf6 40. Be5+ Ke6 41. Bxd6 Kxd6 42. Ke3 exf3+ 43. Kxf3 Bd5+ 44. Kf2 Rf7+ 45. Ke1 Bf3 46. Rg6+ Kc7 47. Rb2 Rfe7 48. d5 Rxe2+ 49. Rxe2 Rxe2+ 50. Kf1 cxd5 51. Rf6 Re3 52. Kf2 Ra3 53. Rf7+ Kc6 54. Rf6+ Kc5 55. Rb6 d4 56. Rf6 Bc6 57. Ke2 Rxa4 58. Rf5+ Kc4 59. Kd2 Rxa5 60. Rxa5 Bb5 61. Ra1 Kb4 62. Kc2 a5 63. Rb1+ Kc5 64. Rg1 a4 65. Rg5+ Kc4 66. Kb2 Bc6 67. Rg3 Kb4 68. Rg4 Kc4 69. Rg7 d3 70. Rg5 d2 71. Kc2 a3 72. Rg4+ Kb5 73. Kxd2 a2 74. Rg1 Kb4 75. Kc2 Ka3 76. Rg3+ Kb4 77. Kb2 Bd5 78. Rg4+ Kc5 79. Rg7 b5 80. Rc7+ Kb4 81. Rd7 Bc4 82. Rc7 Ka5 83. Ra7+ Kb4 84. Ra3 Kc5 85. Re3 Kb4 86. Re1 Kc5 87. Kc3 Kb6 88. Kb4 Kc6 89. Rd1 Kc7 90. Rc1 Kd6 91. Kc3 Kc5 92. Kb2 Kd4 93. Rd1+ Ke3 94. Rd8 Ke4 95. Rd6 Ke3 96. Rd7 Ke4 97. Ra7 Kd4 98. Rc7 Kd5 99. Rc8 Kd4 100. Rd8+ Ke3 101. Rd1 Ke2 102. Rc1 Kd3 103. Rc3+ Kd2 104. Ra3 b4 105. Ra4 Bd5 106. Rxb4 Ke3 107. Ra4 Kf3 108. Rd4 Be6 109. Rd6 Bc4 110. Rc6 Bd5 111. Rc5 Be6 112. Re5 Bc4 113. Rc5 Be6 114. Rb5 Ke4 115. Ra5 Bd5 116. Ra4+ Ke5 117. Rb4 Kd6 118. Ra4 Ke5 119. Kc3 Kd6 120. Kd4 Be6 121. Ra6+ Ke7 122. Ke5 Bc4 123. Ra4 Bb3 124. Ra7+ Kd8 125. Kd6 Kc8 126. Kc6 Kb8 127. Kb6 Bd5 128. Ra5 Be6 129. Ra3 Kc8 130. Kc6 Kb8 131. Kd6 Bf7 132. Kc6 Be8+ 133. Kc5 Bf7 134. Kb6 Kc8 135. Ra8+ Kd7 136. Kc5 Ke7 137. Ra7+ Kf6 138. Kd4 Be6 139. Ra6 Kf5 140. Ra5+ Kf6 141. Ke4 Bf7 142. Ra6+ Be6 143. Kf4 Kf7 144. Ke5 Bc4 145. Ra7+ Kg6 146. Ra4 Bb3 147. Ra6+ Kg5 148. Ra3 Bf7 149. Rg3+ Kh4 150. Rg1 Bb3 151. Kf4 Kh3 152. Kf3 Bd5+ 153. Kf2 Be4 154. Rg3+ Kh4 155. Ra3 Bb1 156. Kf3 1/2-1/2


[Site "https://www.chess.com"]

[Event "Titled Tuesday Blitz June 6 Late 2023"]
[White "Chylewski, Patryk"]
[Black "Schmakel, Sam"]
[WhiteFideId "1186191"]
[BlackFideId "2039311"]
[WhiteElo "2163"]
[BlackElo "2356"]
[Result "0-1"]
[Round "2"]
[TimeControl "180+2"]
[Date "2023.06.07"]
[WhiteClock "0:00:03"]
[BlackClock "0:01:11"]
[Board "43"]

1. e4 g6 2. d4 Bg7 3. Nc3 d6 4. Be3 a6 5. a4 Nc6 6. g4 e5 7. d5 Nb4 8. Bg2 Ne7 9. g5 O-O 10. Nge2 c6 11. O-O cxd5 12. Nxd5 Nexd5 13. exd5 Bf5 14. Rc1 Rc8 15. c3 Nd3 16. Rc2 Nf4 17. Nxf4 exf4 18. Bxf4 Bxc2 19. Qxc2 Qd7 20. Qb3 b5 21. axb5 axb5 22. Ra1 Ra8 23. Rxa8 Rxa8 24. h3 Qf5 25. Bg3 Be5 26. Qxb5 Bxg3 27. fxg3 Ra1+ 28. Kh2 Qf2 0-1


[Site "https://www.chess.com"]

[Event "Titled Tuesday Blitz June 6 Late 2023"]
[White "Ozates, Tuna"]
[Black "Milikow, Yoav"]
[WhiteFideId "6354521"]
[BlackFideId "2822237"]
[WhiteElo "2151"]
[BlackElo "2410"]
[Result "1-0"]
[Round "2"]
[TimeControl "180+2"]
[Date "2023.06.07"]
[WhiteClock "0:00:07"]
[BlackClock "0:00:03"]
[Board "44"]

1. e4 e5 2. Nf3 Nc6 3. Bb5 Nf6 4. Qe2 Bc5 5. O-O O-O 6. c3 d5 7. d3 Bg4 8. Nbd2 a5 9. Rd1 Bb6 10. h3 Bh5 11. Nf1 Re8 12. Ng3 Bg6 13. Nh4 Nxe4 14. dxe4 Qxh4 15. exd5 Qxg3 16. dxc6 bxc6 17. Bxc6 Rad8 18. Be3 Bxe3 19. Bxe8 Rxd1+ 20. Rxd1 Bb6 21. Rd8 h6 22. Bb5+ Kh7 23. Bd3 f5 24. Bc4 h5 25. Bg8+ Kh6 26. Rb8 Qg5 27. Bd5 e4 28. Rh8+ Bh7 29. Bg8 Qc1+ 30. Qf1 Qf4 31. Rxh7+ Kg5 32. Rxg7+ Kh6 33. Rh7+ Kg5 34. Qe2 Kf6 35. Rf7+ Kg6 36. Re7 Qc1+ 37. Qf1 Qf4 38. Qe1 Bc5 39. Re8 Bd6 40. g3 Qf3 41. Bc4 Bc5 42. Rg8+ Kh7 43. Be2 Qh1+ 44. Kxh1 1-0


[Site "https://www.chess.com"]

[Event "Titled Tuesday Blitz June 6 Late 2023"]
[White "Hajiyev, Kanan"]
[Black "Tejedor Fuente, Enrique"]
[WhiteFideId "13404148"]
[BlackFideId "2299100"]
[WhiteElo "2115"]
[BlackElo "2496"]
[Result "0-1"]
[Round "2"]
[TimeControl "180+2"]
[Date "2023.06.07"]
[WhiteClock "0:00:03"]
[BlackClock "0:00:14"]
[Board "45"]

1. d4 d5 2. Nf3 a6 3. c4 e6 4. cxd5 exd5 5. Nc3 h6 6. Bf4 c6 7. e3 Bd6 8. Ne5 Ne7 9. Bd3 Be6 10. O-O Qc7 11. Qc2 Nd7 12. Nxd7 Bxf4 13. exf4 Qxd7 14. Rfe1 O-O 15. Na4 Qd8 16. f5 Bd7 17. Nc5 Bc8 18. Re3 f6 19. Rae1 Rf7 20. Ne6 Qd6 21. Rg3 Bd7 22. Qd2 Kh7 23. a3 Re8 24. b4 Ng8 25. Qe2 Kh8 26. Qg4 Ree7 27. Ree3 a5 28. bxa5 Qxa3 29. a6 bxa6 30. h4 a5 31. Nc5 Qc1+ 32. Kh2 Be8 33. Rxe7 Rxe7 34. Ne6 h5 35. Qf3 Qh6 36. Rg6 Bxg6 37. fxg6 Rxe6 38. Bf5 Re7 39. Qa3 Qf4+ 40. g3 Qxf2+ 41. Kh3 Qxf5+ 0-1


[Site "https://www.chess.com"]